 Dungeon Crawl Stone Soup version 0.28.0-45-g0d030f2227 (webtiles) character file.

Game seed: 13511159165458645125

5286 nickcage the Arsonist (level 10, -1/50 HPs)
             Began as a Deep Elf Fire Elementalist on Apr 14, 2022.
             Was an Initiate of Vehumet.
             Slain by a jumping spider (6 damage)
             ... on level 8 of the Dungeon.
             The game lasted 00:35:17 (10987 turns).

nickcage the Arsonist (Deep Elf Fire Elementalist) Turns: 10987, Time: 00:35:18

Health: -1/50      AC:  9    Str:  8    XL:     10   Next: 37%
Magic:  13/21      EV: 12    Int: 25    God:    Vehumet [......]
Gold:   330        SH:  0    Dex: 15    Spells: 7/21 levels left

rFire   . . .      SeeInvis .   o - +8 short sword of Legeicea {flame, Str+3}
rCold   . . .      Faith    .   (no shield)
rNeg    + . .      Spirit   .   s - +1 steam dragon scales
rPois   .          Reflect  .   (no helmet)
rElec   .          Harm     .   p - +0 cloak
rCorr   .          Rampage  .   y - +0 pair of gloves
Will    +....                   g - +0 pair of boots
Stlth   ++........              (no amulet)
HPRegen 0.16/turn               e - ring of positive energy
MPRegen 0.17/turn               (no ring)

@: lethally poisoned (-1 -> -32), about to teleport
A: no striking features
a: Renounce Religion


You were on level 8 of the Dungeon.
You worshipped Vehumet.
Vehumet was noncommittal.
You visited 2 branches of the dungeon, and saw 12 of its levels.

You collected 330 gold pieces.

Inventory:

Hand Weapons
 n - a +1 short sword of venom
 o - the +8 short sword of Legeicea (weapon) {flame, Str+3}
   (You found it on level 5 of the Dungeon)

   It burns those it strikes, dealing additional fire damage.
   Str:       It affects your strength (+3).
 r - a +5 short sword of freezing
Missiles
 u - 5 throwing nets
Armour
 a - a +0 robe
 g - a +0 pair of boots (worn)
 p - a +0 cloak (worn)
 s - +1 steam dragon scales (worn)
 y - a +0 pair of gloves (worn)
Jewellery
 e - a ring of positive energy (left hand)
Wands
 h - a wand of digging (7)
 l - a wand of flame (2)
Scrolls
 b - 5 scrolls of identify
 t - 2 scrolls of enchant armour
 w - a scroll of enchant weapon {unknown}
Potions
 c - 4 potions of curing
 d - a potion of attraction
 f - 3 potions of haste
 j - a potion of flight
 k - a potion of degeneration {unknown}
 m - 2 potions of heal wounds {unknown}
 q - a potion of brilliance {unknown}
 v - a potion of lignification {unknown}
 x - a potion of resistance {unknown}


   Skills:
 - Level 2.4 Dodging
 - Level 2.4 Stealth
 - Level 6.1 Spellcasting
 * Level 7.2 Conjurations
 + Level 14.7 Fire Magic


You had 7 spell levels left.
You knew the following spells:

 Your Spells              Type           Power      Damage    Failure   Level
a - Foxfire               Conj/Fire      100%       2x1d9     1%          1
b - Scorch                Fire           100%       2d10      1%          2
c - Conjure Flame         Conj/Fire      58%        6-21      1%          3
d - Flame Wave            Conj/Fire      58%        2d11      1%          4
e - Sticky Flame          Conj/Fire      58%        2d7       1%          4

Your spell library contained the following spells:

 Spells                   Type           Power      Damage    Failure   Level
 Inner Flame              Hex/Fire       44%        N/A       1%          3
 Ignite Poison            Fire/Tmut/Pois 32%        N/A       3%          3
 Animate Skeleton         Necr           14%        N/A       8%          1
 Apportation              Tloc           14%        N/A       8%          1
 Summon Small Mammal      Summ           28%        N/A       8%          1


Dungeon Overview and Level Annotations

Branches:
Dungeon (11/15)            Temple (1/1) D:7
   Lair: D:8-11         Orc: D:9-12

Altars:
Ashenzari
Cheibriados
Dithmenos
Elyvilon
Fedhas
Gozag
Hepliaklqana
Kikubaaqudgha
Makhleb
Nemelex Xobeh
Okawaru
Qazlal
Ru
Sif Muna
Trog
Uskayaw
Vehumet
Wu Jian
Xom
Yredelemnul
Zin
The Shining One

Shops:
D:5 *   D:10 *


Message History

Level annotation: 1 runed translucent door Welcome back, nickcage the Deep Elf Fire Elementalist.
Vehumet says: Let it end in hellfire!
Press ? for a list of commands and other information.
You open the door.
Flames lash the jumping spider but do no damage.
The jumping spider pounces on you!
The jumping spider bites you but does no damage.
The jumping spider leaps!
The jumping spider fails to trigger a net trap.
Flames lash the jumping spider but do no damage.
The jumping spider leaps! x2; The jumping spider closely misses you.
The jumping spider bites you. The redback closely misses you.
Flames lash the redback.
The redback is moderately wounded.
The redback's fire resistance burns away.
The jumping spider fails to trigger a net trap.
The jumping spider leaps!
The jumping spider pounces on you but does no damage.
The jumping spider barely misses you. The redback bites you!
You are lethally poisoned!
The redback poisons you!
Flames lash the jumping spider.
The jumping spider is moderately wounded.
The jumping spider's fire resistance burns away.
You feel extremely sick. The jumping spider misses you.
The jumping spider bites you.
* * * LOW HITPOINT WARNING * * *
The redback closely misses you.
The jumping spider pounces on you but does no damage.
The jumping spider bites you but does no damage.
The redback bites you.
* * * LOW HITPOINT WARNING * * *
You are too injured to fight recklessly!
As you read the scroll of teleportation, it crumbles to dust.
You feel strangely unstable.
* * * LOW HITPOINT WARNING * * *
You feel extremely sick. The jumping spider closely misses you.
The jumping spider bites you.
You die...

..........# #..#
#.# ..........#
#..# #.#
########### ##.#
#.# #.# #.# #.#
#.# ######.## #.#
# ###.......# #.#
#s#8s.#####.###.#
#ss@#.# #..##.#
#)†^##8###
##.##.# #[## ###
##..#.# #..>..#
#######


You could see 3 jumping spiders and a redback (combustible).

Vanquished Creatures
  Harold (D:8)
  Erica (D:8)
  Maggie (D:7)
  Psyche (D:7)
  3 yaks (D:10)
  A steam dragon (D:6)
  4 water moccasins
  3 ice beasts
  2 sky beasts (D:5)
  A black bear (D:7)
  A necrophage (D:7)
  A hornet zombie (D:7)
  2 ogres (D:4)
  A centaur (D:5)
  2 kobold brigands
  A bullfrog (D:7)
  A water moccasin zombie (D:7)
  2 scorpions (D:5)
  3 killer bees (D:9)
  9 wights
  A bullfrog skeleton (D:3)
  2 centaur skeletons
  An orc priest (D:7)
  5 hounds
  A centaur zombie (D:6)
  2 gnoll shamans (D:5)
  A jelly (D:4)
  3 iguanas
  An orc wizard (D:5)
  A howler monkey skeleton (D:7)
  15 gnolls
  3 adders
  A river rat (D:6)
  4 white imps
  An ufetubus (D:5)
  2 worms
  3 dart slugs
  23 orcs
  6 ball pythons
  4 endoplasms
  A giant cockroach (D:6)
  9 hobgoblins
  12 jackals
  4 quokkas
  10 bats
  2 frilled lizards (D:2)
  6 goblins
  14 kobolds
  2 rats
181 creatures vanquished.

Vanquished Creatures (others)
  A gnoll (D:6)
  24 foxfires (D:1)
  16 fungi (D:10)
  27 plants
68 creatures vanquished.

Grand Total: 249 creatures vanquished

Notes
Turn   | Place    | Note
-------+----------+-------------------------------------------
     0 | D:1      | nickcage the Deep Elf Fire Elementalist began the quest for
                  | the Orb.
     0 | D:1      | Reached XP level 1. HP: 10/10 MP: 6/6
   551 | D:1      | Reached XP level 2. HP: 15/15 MP: 2/8
   554 | D:1      | Learned a level 2 spell: Scorch
  1010 | D:1      | Found a faded altar of an unknown god.
  1079 | D:2      | Reached skill level 4 in Fire Magic
  1304 | D:2      | Reached XP level 3. HP: 19/19 MP: 1/10
  2187 | D:2      | Learned a level 3 spell: Conjure Flame
  2301 | D:3      | Reached XP level 4. HP: 24/24 MP: 2/12
  2402 | D:3      | Reached skill level 5 in Fire Magic
  2447 | D:3      | Reached skill level 5 in Spellcasting
  2813 | D:3      | Reached XP level 5. HP: 28/28 MP: 11/14
  3035 | D:3      | Learned a level 4 spell: Flame Wave
  3147 | D:4      | Noticed an ogre
  3187 | D:4      | Killed an ogre
  3188 | D:4      | Reached XP level 6. HP: 14/32 MP: 0/17
  3441 | D:4      | Reached skill level 6 in Fire Magic
  4424 | D:5      | Entered Level 5 of the Dungeon
  4504 | D:5      | Identified the +8 short sword of Legeicea {flame, Str+3}
  4508 | D:5      | Reached skill level 7 in Fire Magic
  4508 | D:5      | Reached XP level 7. HP: 36/36 MP: 13/18
  4637 | D:5      | Reached skill level 8 in Fire Magic
  5309 | D:5      | Found Riatyveung's General Store.
  5326 | D:5      | Reached XP level 8. HP: 41/41 MP: 12/19
  5406 | D:5      | Reached skill level 9 in Fire Magic
  6092 | D:6      | Reached skill level 10 in Fire Magic
  6696 | D:6      | Reached skill level 5 in Conjurations
  6696 | D:6      | Reached skill level 11 in Fire Magic
  7374 | D:7      | Noticed a two-headed ogre
  7431 | D:7      | Reached XP level 9. HP: 45/45 MP: 13/20
  7699 | D:7      | Noticed Maggie
  7715 | D:7      | Killed Maggie
  7716 | D:7      | Reached skill level 12 in Fire Magic
  8305 | D:7      | Found a staircase to the Ecumenical Temple.
  8313 | Temple   | Entered the Ecumenical Temple
  8349 | Temple   | Became a worshipper of Vehumet
  8889 | D:8      | Noticed Erica
  8892 | D:8      | Noticed Psyche
  8904 | D:7      | Killed Psyche
  8986 | D:8      | Killed Erica
  8987 | D:8      | Reached skill level 13 in Fire Magic
  9299 | D:8      | Noticed Harold
  9306 | D:8      | Killed Harold
  9307 | D:8      | Reached skill level 14 in Fire Magic
  9307 | D:8      | Reached XP level 10. HP: 23/50 MP: 7/21
  9309 | D:8      | HP: 1/50 [ice beast (13)]
  9838 | D:8      | You fall into a shaft and drop 3 floors!
  9849 | D:11     | Learned a level 4 spell: Sticky Flame
  9882 | D:10     | Entered Level 10 of the Dungeon
 10059 | D:10     | Found a burning altar of Makhleb.
 10193 | D:10     | Found Lowynnej's Changing Room.
 10807 | D:8      | Found a runed translucent door.
 10987 | D:8      | Slain by a jumping spider

Illustrated notes

Levels and vault maps discovered:
D:1:      saegor_arrival_simple_b, layout_basic,
          shapermc_ecumenical_altar_mp_vishouse
D:2:      layout_basic
D:3:      layout_rooms
D:4:      layout_basic
D:5:      layout_loops_ring, serial_shops, shop_statue, minmay_hedge_maze
D:6:      layout_layer_cave, portal_sewer_entry_a, lemuel_old_faithful
D:7:      layout_gridville, minmay_temple_entry_wispy, uniq_maggie
D:8:      gammafunk_indiana_jones, layout_basic, uniq_psyche, uniq_erica,
          uniq_harold
D:9:      layout_loops_ring, erik_orc_2, serial_shops, shop,
          nrook_pool_corridor, chequers_garden,
          minmay_guarded_unrand_variability
D:10:     layout_roguey, mainiacjoe_overflow_concentric_impassable,
          due_lair_maze_entry_diamond, enter_trove_1, minmay_variable_closet,
          nicolae_transmutations_shop, serial_bayou_lagoon_b, uniq_urug
D:11:     layout_rooms, uniq_josephine
Temple:   regret_index_temple_sigil_plot

Skill      XL: |  1  2  3  4  5  6  7  8  9 10 |
---------------+-------------------------------+-----
Fire Magic     | 4 5 7 8 11 14 | 14.7
Spellcasting   | 4 5 6 |  6.1
Conjurations   | 2 3 5 6 7 |  7.2
Dodging        | |  2.4
Stealth        | |  2.4

Action                   |  1- 3 |  4- 6 |  7- 9 | 10-12 || total
-------------------------+-------+-------+-------+-------++-------
Melee: Short sword       |    22 |    14 |     7 |     9 ||    52
 Cast: Foxfire           |    14 |       |       |       ||    14
       Scorch            |    37 |    66 |   171 |    29 ||   303
       Conjure Flame     |       |       |     4 |       ||     4
Evoke: Wand              |       |       |     3 |       ||     3
  Use: Scroll            |     3 |     3 |     4 |     1 ||    11
       Potion            |       |     1 |       |       ||     1
Armor: Robe              |     5 |     9 |     3 |       ||    17
       Steam dragon scal |       |       |    18 |     7 ||    25
Dodge: Dodged            |    24 |    25 |    48 |    14 ||   111
